 Dungeon Crawl Stone Soup version 0.28-a0-691-gad6df49e81 (webtiles) character file.

Game seed: 13565099240569061980

9 cheechan the Chopper (level 2, -1/25 HPs)
             Began as a Naga Chaos Knight on Oct 21, 2021.
             Was a Follower of Hepliaklqana.
             Slain by an ufetubus (4 damage)
             ... summoned by Xom
             ... on level 1 of the Dungeon.
             The game lasted 00:02:12 (439 turns).

cheechan the Chopper (Naga Chaos Knight)             Turns: 439, Time: 00:02:12

Health: -1/25      AC:  5    Str: 14    XL:     2   Next: 12%
Magic:  2/2        EV:  9    Int: 12    God:    Hepliaklqana [*.....]
Gold:   14         SH:  0    Dex: 10    Spells: 1/1 levels left

rFire   . . .      SeeInvis +   a - +0 hand axe (chaos)
rCold   . . .      Faith    .   (no shield)
rNeg    . . .      Spirit   .   b - +3 leather armour
rPois   +          Reflect  .   (no helmet)
rElec   .          Harm     .   (no cloak)
rCorr   .          Rampage  .   (no gloves)
Will    .....                   (no barding)
Stlth   +.........              (no amulet)
HPRegen 0.08/turn               (no ring)
MPRegen 0.08/turn               (no ring)

@: very slow
A: reduced essence, AC +0, large, see invisible, deformed body, poison
resistance, slowness 2, spit poison 1, naga tail 1
a: Spit Poison, Renounce Religion, Recall Ancestor, Ancestor Identity


You were on level 1 of the Dungeon.
You worshipped Hepliaklqana.
Hepliaklqana was aware of your devotion.
You visited 1 branch of the dungeon, and saw 1 of its levels.

You collected 14 gold pieces.

Inventory:

Hand Weapons
 a - a +0 hand axe of chaos (weapon)
Missiles
 c - 66 stones
 e - 18 bolts
 f - 9 poisoned darts
Armour
 b - a +3 leather armour (worn)
Scrolls
 d - a scroll of noise
Potions
 j - a potion of degeneration {unknown}


   Skills:
 + Level 3.2 Fighting
 + Level 3.2 Axes
 + Level 1.6 Armour
 + Level 0.8 Dodging


You had one spell level left.
You didn't know any spells.
Your spell library was empty.

Dungeon Overview and Level Annotations

Branches:
Dungeon (1/15)

Altars:
Hepliaklqana


Innate Abilities, Weirdness & Mutations

Your life essence is reduced to manifest your ancestor. (-10% HP)
Your serpentine skin is tough. (AC +0)
You have supernaturally acute eyesight. (SInv)
Armour fits poorly on your strangely shaped body.
Your system is resistant to poisons. (rPois)
You cover ground very slowly.
You can spit poison.
You have a snake-like lower body.


Message History

Tlalli barely misses the ufetubus.
The crimson imp blinks!
The white imp hits you. The white imp freezes you. The white imp hits you.
The white imp freezes you.
The shadow imp hits Tlalli.
The white imp closely misses Tlalli.
The crimson imp barely misses Tlalli.
The iron imp hits Tlalli!
Tlalli is destroyed!
Okay, then.
Okay, then.
As you read the scroll labelled APAUTYE KINIAJ, it crumbles to dust.
You hear a loud clanging noise!
It was a scroll of noise.
The ufetubus hits you but does no damage. x2
The ufetubus barely misses you. The ufetubus completely misses you.
The white imp hits you. The white imp freezes you.
The shadow imp shouts, "Bolt, thou fawning tip-merry nert!"
As you read the scroll labelled UWNOWI VANOR, it crumbles to dust.
It is a scroll of identify.
h - a scroll of immolation The ufetubus hits you.
* * * LOW HITPOINT WARNING * * *
The ufetubus barely misses you. The white imp barely misses you.
Really read the scroll of immolation?
Okay, then.
There are monsters nearby!
Really read the scroll of immolation?
As you read the scroll of immolation, it crumbles to dust.
The creatures around you are filled with an inner flame!
The ufetubus hits you.
* * * LOW HITPOINT WARNING * * *
The ufetubus hits you but does no damage.
The ufetubus hits you.
* * * LOW HITPOINT WARNING * * *
The ufetubus barely misses you. The crimson imp barely misses you.
The white imp barely misses you.
Unknown command.
As you read the scroll labelled OGGOUFF WEECWE, it crumbles to dust.
It is a scroll of enchant armour.
Your +2 leather armour glows green for a moment.
Flame seeps out of the white imp.
The ufetubus hits you.
You die...

....#.
####..........#...###.#
..###.
..##...÷........#.# ..#
####........##.##..#.#
.>#.
....#.##.##.##....#.#
.#.
###.....#.....#......#
#.. ..
.........#..#.######
##.##. ##.#.#.555##[#.#
#.... .. #....55# .#.#
##.. #....#.55@# ##.#
##'##########.##5# #.#
..............#555! #.#
.......###########.##.#
...†...# .##.# ####...#
##.# #...# #...# #...#


You could see an iron imp (summoned, inner flame), 2 crimson imps, 4 white imps,
2 shadow imps and 2 ufetubi.

Vanquished Creatures
  A goblin (D:1)
  A hobgoblin (D:1)
  A ball python (D:1)
  A bat (D:1)
  A frilled lizard (D:1)
  2 kobolds (D:1)
  A rat (D:1)
8 creatures vanquished.

Vanquished Creatures (collateral kills)
  A hobgoblin (D:1)
1 creature vanquished.

Vanquished Creatures (others)
  An ancestor (D:1)
1 creature vanquished.

Grand Total: 10 creatures vanquished

Notes
Turn   | Place    | Note
-------+----------+-------------------------------------------
     0 | D:1      | cheechan the Naga Chaos Knight began the quest for the Orb.
     0 | D:1      | Reached XP level 1. HP: 21/21 MP: 1/1
    79 | D:1      | XOM: silly message
   136 | D:1      | Found a faded altar of an unknown god.
   254 | D:1      | Prayed at the altar of an unknown god.
   254 | D:1      | Fell from the grace of Xom
   254 | D:1      | Became a worshipper of Hepliaklqana the Forgotten
   254 | D:1      | Reached * piety under Hepliaklqana
   311 | D:1      | Reached XP level 2. HP: 22/25 MP: 2/2
   433 | D:1      | XOM: summons 11 hostile demons
   434 | D:1      | Noticed a crimson imp
   434 | D:1      | Noticed a crimson imp
   439 | D:1      | Slain by an ufetubus

Illustrated notes

Levels and vault maps discovered:
D:1:      minmay_arrival_shattered_statue, layout_basic,
          hellmonk_ecumenical_altar_heavens_door

Action                   || total
-------------------------++-------
Melee: Hand axe          ||    27
  Use: Scroll            ||     4
Armor: Leather armour    ||    29
Dodge: Dodged            ||    25

Table legend: (Time is in decaauts)
 A = Elapsed time spent in this place.
 B = Non-inter-level travel time spent in this place.
 C = Inter-level travel time spent in this place.
 D = Time resting spent in this place.
 E = Time spent auto-exploring this place.
 F = Levels seen in this place.
 G = Mean time per level.
                   A        B        C        D        E       F      G
               +--------+--------+--------+--------+--------+-----+--------+
         Total |    589 |    589 |      0 |      0 |      0 |   1 |  589.0 |
       Dungeon |    589 |    589 |      0 |      0 |      0 |   1 |  589.0 |
               +--------+--------+--------+--------+--------+-----+--------+

Top non-repeatable levels by time:
     D:1: 589 daAuts
